 Dungeon Crawl Stone Soup version 0.26-a0-519-gb2f46efeda (webtiles) character file.

Game seed: 16287887356847332081

4534 BeastOfSaturn the Stinger (level 10, -4/74 HPs)
             Began as a Demonspawn Venom Mage on Aug 6, 2020.
             Was a Priest of Dithmenos.
             Impaled on a porcupine's spines (14 damage)
             ... on level 1 of the Lair of Beasts on Aug 10, 2020.
             The game lasted 00:28:04 (8654 turns).

BeastOfSaturn the Stinger (Demonspawn Venom Mage)   Turns: 8654, Time: 00:28:05

Health: -4/74      AC: 12    Str: 12    XL:     10   Next: 17%
Magic:  19/19      EV: 13    Int: 22    God:    Dithmenos [***...]
Gold:   428        SH:  0    Dex: 18    Spells: 11/21 levels left

rFire    . . .     SeeInvis .     - Unarmed
rCold    . . .     Faith    .   (no shield)
rNeg     . . .     Spirit   .   D - +0 steam dragon scales
rPois    .         Reflect  .   (no helmet)
rElec    .         Harm     .   x - +2 cloak
rCorr    .                      (gloves unavailable)
MR       .....                  (no boots)
Stlth    +++++.....             F - amulet of the acrobat
HPRegen  0.22/turn              b - +4 ring of protection
MPRegen  0.16/turn              f - +6 ring of intelligence

@: wreathed by umbra
A: claws 3, thin skeletal structure 2, spiny 3
a: Shadow Step, Renounce Religion


You were on level 1 of the Lair of Beasts.
You worshipped Dithmenos.
Dithmenos was most pleased with you.
You visited 3 branches of the dungeon, and saw 10 of its levels.
You also visited: Ossuary.

You collected 428 gold pieces.

Inventory:

Hand Weapons
 o - a +2 war axe of flaming
Armour
 x - a +2 cloak (worn)
 D - +0 steam dragon scales (worn)
Jewellery
 b - a +4 ring of protection (left claw)
 f - a +6 ring of intelligence (right claw)
 h - an uncursed ring of fire
 u - an uncursed amulet of magic regeneration
 F - an amulet of the acrobat (around neck)
Wands
 a - a wand of enslavement (8)
 k - a wand of polymorph (23)
 y - a wand of digging (9)
 B - a wand of flame (50)
 E - a wand of disintegration (12)
Scrolls
 d - 8 scrolls of remove curse
 e - 4 scrolls of teleportation
 l - a scroll of magic mapping
 m - a scroll of fear {unknown}
 p - 4 scrolls of identify
 q - 3 scrolls of amnesia {unknown}
 s - a scroll of blinking {unknown}
 v - 2 scrolls of enchant weapon {unknown}
 w - a scroll of random uselessness {unknown}
 G - 2 scrolls of enchant armour
 K - 2 scrolls of fog {unknown}
Potions
 c - 2 potions of berserk rage
 g - 2 potions of resistance
 i - 2 potions of brilliance {unknown}
 j - a potion of flight {unknown}
 n - 3 potions of stabbing
 r - 2 potions of heal wounds
 t - 2 potions of haste
 z - 2 potions of magic
 A - a potion of lignification
 C - 4 potions of degeneration
 H - 2 potions of curing {unknown}
 I - a potion of cancellation {unknown}
 J - a potion of ambrosia {unknown}


   Skills:
 * Level 5.2 Fighting
 - Level 5.3 Axes
 - Level 2.0 Dodging
 * Level 3.7 Stealth
 * Level 6.7 Unarmed Combat
 - Level 6.0 Spellcasting
 - Level 0.8 Transmutations
 - Level 1.0 Air Magic
 - Level 7.0 Poison Magic
 * Level 2.2 Evocations


You had 11 spell levels left.
You knew the following spells:

 Your Spells              Type           Power        Failure   Level
a - Sting                 Tmut/Pois      ###.         1%          1
b - Poisonous Vapours     Pois/Air       ###...       2%          2
c - Olgreb's Toxic Radia  Pois           #####...     4%          4
d - Mephitic Cloud        Conj/Pois/Air  ###.....     9%          3

Your spell library contained the following spells:

 Spells                   Type           Power        Failure   Level
 Ignite Poison            Fire/Tmut/Pois ###.....     10%         3


Dungeon Overview and Level Annotations

Branches:
Dungeon (8/15)             Temple (1/1) D:6            Lair (1/6) D:8
Ossuary (visited)

Altars:
Ashenzari
Cheibriados
Dithmenos
Fedhas
Gozag
Kikubaaqudgha
Nemelex Xobeh
Sif Muna
Trog
Wu Jian
Zin
The Shining One

Shops:
D:8 (*


Innate Abilities, Weirdness & Mutations

You have claws for hands.
You have a moderately thin skeletal structure. (Dex +4, Stealth+)
You are completely covered in sharp spines.


Message History

A water moccasin is nearby!
Your transformation is almost over.
You feel sick.
You start resting.
You feel sick.
You are no longer poisoned.
You start resting.
You feel less wooden.
Your +2 cloak unmelds from your body.
Your +0 steam dragon scales unmelds from your body.
You start resting.
A porcupine is nearby!
A porcupine is nearby!
You start resting.
A porcupine is nearby!
You claw the porcupine!
The porcupine is almost dead.
The porcupine misses you.
You are struck by the porcupine's spines.
You die...

P... ..... #.....
### #...... ###.##
##.......
#....###.^..P#.
#........# ..r
######.....###.....
#.....†..@r........
#!..####.#$...P#...
#...# #.....###
#..## #..#...#
#.... ...######
......#### ......##
.....### #####


You could see a porcupine.

Vanquished Creatures
  Maggie (D:6)
  A cane toad (Lair:1)
  3 hippogriffs
  Sigmund (D:6)
  A yak (D:8)
  2 basilisks (D:8)
  Menkaure (D:6)
  An orc warrior (D:2)
  An ice beast (D:6)
  4 sky beasts
  A black bear (D:7)
  An ogre (D:6)
  A phantom (D:4)
  3 centaurs
  A crocodile (Lair:1)
  3 bullfrogs
  An elf skeleton (D:8)
  A howler monkey (D:6)
  2 bullfrog skeletons
  A jelly (D:7)
  A human zombie (D:8)
  3 orc priests
  3 hounds
  8 orc wizards
  3 iguanas
  Jessica (D:7)
  2 human skeletons (D:8)
  4 worker ants
  2 hound skeletons
  4 mummies (Ossuary)
  A worker ant zombie (D:5)
  8 gnolls
  2 howler monkey skeletons
  12 adders
  2 shadow imps (D:7)
  4 white imps
  An ufetubus (D:8)
  An adder skeleton (D:4)
  An adder zombie (D:7)
  4 worms
  3 dart slugs
  4 leopard geckos
  25 orcs
  A ball python (D:8)
  9 bats
  5 giant cockroaches
  10 goblins
  10 hobgoblins
  6 jackals
  4 quokkas
  8 frilled lizards
  4 gnoll skeletons (Ossuary)
  2 gnoll zombies (Ossuary)
  7 goblin skeletons (Ossuary)
  6 goblin zombies (Ossuary)
  5 hobgoblin skeletons (Ossuary)
  5 hobgoblin zombies (Ossuary)
  5 kobolds
  3 kobold skeletons (Ossuary)
  2 kobold zombies (Ossuary)
  5 orc skeletons
  4 orc zombies (Ossuary)
  9 rats
  3 rat skeletons (Ossuary)
  5 rat zombies (Ossuary)
248 creatures vanquished.

Vanquished Creatures (others)
  A rat zombie (Ossuary)
1 creature vanquished.

Grand Total: 249 creatures vanquished

Notes
Turn   | Place    | Note
-------+----------+-------------------------------------------
     0 | D:1      | BeastOfSaturn the Demonspawn Venom Mage began the quest for
                  | the Orb.
     0 | D:1      | Reached XP level 1. HP: 13/13 MP: 3/3
   508 | D:1      | Gained mutation: You are partially covered in sharp spines.
                  | [demonic ancestry]
   508 | D:1      | Reached XP level 2. HP: 18/19 MP: 3/5
   512 | D:1      | Learned a level 2 spell: Poisonous Vapours
  1405 | D:2      | Found a blossoming altar of Fedhas.
  1408 | D:2      | Gained mutation: You are mostly covered in sharp spines.
                  | [demonic ancestry]
  1408 | D:2      | Reached XP level 3. HP: 24/24 MP: 1/6
  1543 | D:2      | Noticed an orc warrior
  1637 | D:2      | Reached skill level 4 in Poison Magic
  1637 | D:2      | Gained mutation: You are completely covered in sharp
                  | spines. [demonic ancestry]
  1637 | D:2      | Reached XP level 4. HP: 13/30 MP: 0/8
  1809 | D:2      | Learned a level 4 spell: Olgreb's Toxic Radiance
  1879 | D:2      | Reached skill level 1 in Air Magic
  1969 | D:2      | Killed an orc warrior
  1969 | D:2      | Gained mutation: You have a somewhat thin skeletal
                  | structure. (Dex +2, Stealth) [demonic ancestry]
  1969 | D:2      | Reached XP level 5. HP: 30/36 MP: 1/10
  2237 | D:2      | Reached skill level 1 in Fighting
  3100 | D:3      | Reached skill level 1 in Axes
  3100 | D:3      | Gained mutation: You have sharp fingernails. [demonic
                  | ancestry]
  3100 | D:3      | Reached XP level 6. HP: 27/43 MP: 10/12
  4184 | D:4      | Reached skill level 5 in Poison Magic
  4353 | D:4      | Gained mutation: You have very sharp fingernails. [demonic
                  | ancestry]
  4353 | D:4      | Reached XP level 7. HP: 49/49 MP: 13/13
  4769 | D:5      | Entered Level 5 of the Dungeon
  5194 | D:6      | Found a staircase to the Ecumenical Temple.
  5196 | D:6      | Noticed Menkaure
  5203 | D:6      | Killed Menkaure
  5203 | D:6      | Reached skill level 5 in Axes
  5203 | D:6      | Gained mutation: You have claws for hands. [demonic
                  | ancestry]
  5203 | D:6      | Reached XP level 8. HP: 13/57 MP: 14/14
  5208 | Temple   | Entered the Ecumenical Temple
  5497 | Temple   | Became a worshipper of Dithmenos the Shadowed
  5675 | D:6      | Reached skill level 1 in Unarmed Combat
  5739 | D:6      | Found a sparkling altar of Nemelex Xobeh.
  5766 | D:6      | Reached skill level 5 in Spellcasting
  5908 | D:6      | Noticed Sigmund
  5915 | D:6      | Killed Sigmund
  5915 | D:6      | Reached skill level 6 in Poison Magic
  6144 | D:6      | Noticed Maggie
  6165 | D:6      | Killed Maggie
  6413 | D:7      | Upgraded the game from 0.26-a0-497-g0187308201 to
                  | 0.26-a0-505-g732bf3b8d2
  6436 | D:7      | Reached XP level 9. HP: 63/65 MP: 17/17
  6479 | D:7      | Reached * piety under Dithmenos
  6584 | D:7      | Learned a level 3 spell: Mephitic Cloud
  6955 | D:7      | Noticed Jessica
  6957 | D:7      | Killed Jessica
  7011 | D:7      | Found a shimmering blue altar of Sif Muna.
  7201 | D:8      | Found Narhaup's Changing Room.
  7208 | D:8      | Reached skill level 7 in Poison Magic
  7402 | D:8      | Found a staircase to the Lair.
  7406 | D:8      | Reached skill level 5 in Unarmed Combat
  7406 | D:8      | Reached skill level 1 in Evocations
  7418 | D:8      | Reached ** piety under Dithmenos
  7441 | D:8      | Reached skill level 5 in Fighting
  7620 | D:8      | Found a sand-covered staircase.
  7714 | Ossuary  | Entered an ossuary
  7736 | Ossuary  | Upgraded the game from 0.26-a0-505-g732bf3b8d2 to
                  | 0.26-a0-519-gb2f46efeda
  7870 | Ossuary  | Reached *** piety under Dithmenos
  8068 | D:8      | Gained mutation: You have a moderately thin skeletal
                  | structure. (Dex +4, Stealth+) [demonic ancestry]
  8068 | D:8      | Reached XP level 10. HP: 74/74 MP: 19/19
  8235 | D:8      | Found a snail-covered altar of Cheibriados.
  8381 | D:8      | Found Vosheg's Weapon Shoppe.
  8547 | Lair:1   | Entered Level 1 of the Lair of Beasts
  8556 | Lair:1   | Noticed a cane toad
  8585 | Lair:1   | Killed a cane toad
  8654 | Lair:1   | Impaled on a porcupine's spines

Illustrated notes

Levels and vault maps discovered:
D:1:      dpeg_arrival_radiant, layout_basic
D:2:      layout_basic, corexii_corridor_pit, minmay_misc_feat_five,
          fedhas_ov_isle_minmay
D:3:      layout_basic
D:4:      layout_loops_ring
D:5:      layout_rooms
D:6:      layout_loops_ring, nemelex_xobeh_ov_fountains_minmay,
          minmay_temple_entry_tees, uniq_sigmund, uniq_menkaure, uniq_maggie
D:7:      layout_loops_ring, tgw_sif
D:8:      layout_basic, slow_altar_1, david_lair_generic,
          nicolae_ossuary_entry_catacombs, serial_shops, kennysheep_little_box,
          nicolae_transmutations_shop
Temple:   regret_index_temple_sphere_string
Lair:1:   layout_misc_corridors

Skill      XL: |  1  2  3  4  5  6  7  8  9 |
---------------+----------------------------+-----
Dodging        | 2 |  2.0
Poison Magic   | 4 5 6 7 |  7.0
Spellcasting   | 3 4 5 6 |  6.0
Air Magic      | 1 |  1.0
Fighting       | 1 2 4 5 |  5.2
Axes           | 1 3 5 |  5.3
Unarmed Combat | 2 6 |  6.7
Stealth        | 3 |  3.7
Evocations     | 2 |  2.2
Transmutations | |  0.8

Action                   |  1- 3 |  4- 6 |  7- 9 | 10-12 || total
-------------------------+-------+-------+-------+-------++-------
Melee: Unarmed           |    41 |     2 |   248 |    43 ||   334
       War axe           |       |    75 |    36 |       ||   111
       Punch             |       |       |     6 |     1 ||     7
 Cast: Sting             |    14 |       |       |       ||    14
       Poisonous Vapours |    23 |    10 |     2 |       ||    35
       Olgreb's Toxic Ra |       |     1 |    11 |     1 ||    13
Evoke: Wand              |       |       |     1 |       ||     1
  Use: Scroll            |       |     2 |     9 |     3 ||    14
       Potion            |       |       |       |     5 ||     5
 Stab: Sleeping          |     2 |     6 |    14 |     6 ||    28
       Distracted        |       |       |     2 |       ||     2
Armor: Robe              |    12 |    21 |    22 |       ||    55
       Steam dragon scal |       |       |    54 |    10 ||    64
Dodge: Dodged            |    31 |    47 |   153 |    31 ||   262

Table legend: (Time is in decaauts)
 A = Elapsed time spent in this place.
 B = Non-inter-level travel time spent in this place.
 C = Inter-level travel time spent in this place.
 D = Time resting spent in this place.
 E = Time spent auto-exploring this place.
 F = Levels seen in this place.
 G = Mean time per level.
                   A        B        C        D        E       F      G
               +--------+--------+--------+--------+--------+-----+--------+
         Total |   8679 |   8464 |    215 |    700 |   6092 |  11 |  789.0 |
       Dungeon |   7964 |   7765 |    199 |    660 |   5815 |   8 |  995.5 |
        Temple |    305 |    289 |     16 |      0 |    251 |   1 |  305.0 |
          Lair |    104 |    104 |      0 |     40 |      0 |   1 |  104.0 |
       Ossuary |    305 |    305 |      0 |      0 |     26 |   1 |  305.0 |
               +--------+--------+--------+--------+--------+-----+--------+

Top non-repeatable levels by time:
     D:1: 1452 daAuts
     D:2: 1378 daAuts
     D:3: 1178 daAuts
     D:8: 1026 daAuts
     D:6: 936 daAuts
     D:4: 799 daAuts
     D:7: 790 daAuts
     D:5: 404 daAuts
  Temple: 305 daAuts
 Ossuary: 305 daAuts
  Lair:1: 104 daAuts
